 Dungeon Crawl Stone Soup version 0.31-a0-870-g10ed682358 (webtiles) character file.

Game seed: 17667041317648439620

195377 EnegeticOcto the Scratcher (level 17, 72/72 (73) HPs)
             Began as a Felid Conjurer on Oct 11, 2023.
             Was a High Priest of Ru.
             Quit the game on level 1 of the Dungeon on Oct 12, 2023.
             The game lasted 02:36:47 (72778 turns).

EnegeticOcto the Scratcher (Felid Conjurer)        Turns: 72778, Time: 02:36:48

HP:   72/72 (73)    AC:  3    Str:  3    XL:     17   Next: 71%
MP:   38/38         EV: 24    Int: 19    God:    Ru [*****.]
Gold: 543           SH:  5    Dex: 23    Spells: 2/31 levels left
                                        Lives: 1   Deaths: 4

rFire   . .          .
                       - Unarmed
rCold   + . .        (shield unavailable)
rNeg    . . .        (body armour unavailable)
rPois   .            (helmet unavailable)
rElec   .            (cloak unavailable)
rCorr   .            (gloves unavailable)
SInv    +            (boots unavailable)
Will    ++...        S - amulet of reflection Stlth
                     A - ring of magical power
HPRegen 0.32/turn    g - ring of wizardry
MPRegen 0.26/turn

%: inaccuracy (-5), reflection, wizardry (x1)
@: lightly drained, quick
A: very small, claws 1, fangs 3, see invisible, speed 1, shaggy fur 3, inability
to read after injury 2, no stealth, cowardly, unskilled 1, stealthy paws,
missing an eye, no weapons or thrown items, no armour, multi-lived, devolution 1
}: 1/15 runes: gossamer
a: Renounce Religion, Draw Out Power, Power Leap, Apocalypse


You were on level 1 of the Dungeon.
You worshipped Ru.
Ru was extremely pleased with you.
You visited 7 branches of the dungeon, and saw 32 of its levels.

You collected 2772 gold pieces.
You spent 2229 gold pieces at shops.

Inventory:

Missiles
 z - 4 curare-tipped darts
Jewellery
 c - a +6 ring of strength
   (You found it on level 5 of the Lair of Beasts)
 g - a ring of wizardry (right paw)
   (You bought it in a shop on level 2 of the Orcish Mines)
 h - a ring of poison resistance
   (You found it on level 2 of the Dungeon)
 m - a ring of magical power
   (You found it on level 14 of the Dungeon)
 A - a ring of magical power (left paw)
   (You found it on level 8 of the Dungeon)
 G - a ring of protection from fire
   (You found it on level 1 of the Lair of Beasts)
 K - an amulet of magic regeneration
   (You found it on level 3 of the Lair of Beasts)
 N - the ring of Kaokum {Fly rF+ Slay+2}
   (You found it on level 14 of the Dungeon)

   [ring of flight]

   Slay+2:    It affects your accuracy & damage with ranged weapons and melee
   (+2).
   rF+:       It protects you from fire.
   Fly:       It grants you flight.
 P - a ring of protection from cold
   (You found it on level 1 of the Spider Nest)
 Q - an amulet of the acrobat
   (You found it on level 4 of the Spider Nest)
 R - an amulet of faith
   (You found it on level 2 of the Dungeon)
 S - an amulet of reflection (around neck)
   (You bought it in a shop on level 1 of the Dungeon)
 T - a +5 ring of evasion
   (You bought it in a shop on level 1 of the Dungeon)
Wands
 r - a wand of digging (7) {@v3}
   (You found it on level 4 of the Dungeon)
 v - a wand of iceblast (13) {@v2}
   (You found it on level 8 of the Dungeon)
 C - a wand of flame (38) {@v4}
   (You took it off an orc on level 8 of the Dungeon)
 F - a wand of charming (7)
   (You found it on level 10 of the Dungeon)
 O - a wand of light (9) {@v1}
   (You found it on level 1 of the Spider Nest)
Scrolls
 e - 3 scrolls of vulnerability
 j - 7 scrolls of teleportation {@r3 !r}
 k - a scroll of silence {!r}
 n - 2 scrolls of torment
 p - 4 scrolls of amnesia
 s - 8 scrolls of fear {!r}
 u - 3 scrolls of blinking {@r4}
 w - 2 scrolls of summoning
 y - 7 scrolls of fog {!r}
 D - 3 scrolls of poison
 I - 5 scrolls of immolation
Potions
 a - 4 potions of magic
 b - 7 potions of might {@q3 !q}
 d - 17 potions of curing {@q1 !q}
 f - 3 potions of enlightenment
 i - 8 potions of attraction
 l - 3 potions of cancellation
 o - 4 potions of heal wounds {@q2 !q}
 q - 6 potions of brilliance
 t - 5 potions of berserk rage
 x - 4 potions of resistance
 E - 6 potions of ambrosia
 H - 2 potions of mutation
 J - 4 potions of invisibility
 L - 2 potions of haste {@q4 !q}
 M - a potion of lignification {@q6}
Miscellaneous
 B - a condenser vane
   (You found it on level 5 of the Lair of Beasts)


   Skills:
 - Level 7.9 Fighting
 - Level 7.9 Dodging
 - Level 7.9 Unarmed Combat
 - Level 7.9 Spellcasting
 + Level 7.9 Conjurations
 - Level 7.9 Hexes
 - Level 6.5 Summonings
 - Level 6.4 Necromancy
 - Level 7.9 Translocations
 - Level 7.9 Transmutations
 - Level 7.9 Fire Magic
 - Level 7.9 Ice Magic
 - Level 7.9 Air Magic
 + Level 5.9 Earth Magic
 - Level 7.9 Poison Magic
 - Level 7.9 Evocations
 - Level 7.9 Shapeshifting


You had 2 spell levels left.
You knew the following spells:

 Your Spells              Type           Power      Damage    Failure   Level
a - Tukima's Dance        Hex            37%        N/A       1%          3
b - Freezing Cloud        Conj/Ice/Air   18%        6-21      4%          5
c - Fireball              Conj/Fire      18%        3d9       4%          5
d - Iskenderun's Mystic   Conj/Tloc      37%        2d9       1%          4
e - Magic Dart            Conj           100%       1d8       1%          1
f - Fulminant Prism       Conj/Hex       18%        3d10      1%          4
z - Irradiate             Conj/Tmut      18%        3d17      4%          5
Y - Blink                 Tloc           74%        N/A       1%          2

Your spell library contained the following spells:

 Spells                   Type           Power      Damage    Failure   Level
 Apportation              Tloc           74%        N/A       1%          1
 Necrotise                Necr           100%       1d9       1%          1
 Summon Small Mammal      Summ           100%       N/A       1%          1
 Cigotuvi's Dreadful Rot  Necr/Pois/Air  70%        N/A       1%          2
 Ensorcelled Hibernation  Hex/Ice        74%        N/A       1%          2
 Jinxbite                 Hex            74%        N/A       1%          2
 Searing Ray              Conj           74%        2d7       1%          2
 Wereblood                Tmut           37%        N/A       1%          2
 Dazzling Flash           Conj/Hex       74%        N/A       1%          3
 Ignite Poison            Fire/Tmut/Pois 37%        N/A       1%          3
 Anguish                  Hex/Necr       17%        N/A       1%          4
 Manifold Assault         Tloc           37%        N/A       1%          4
 Passage of Golubria      Tloc           37%        N/A       1%          4
 Sticky Flame             Conj/Fire      37%        2d6       1%          4
 Silence                  Hex/Air        18%        N/A       4%          5
 Agony                    Necr           32%        N/A       8%          5
 Ignition                 Fire           18%        3d7       100%        8
 Lehudib's Crystal Spear  Conj/Erth      16%        10d5      100%        8


Dungeon Overview and Level Annotations

Branches:
Dungeon (15/15) Zot: 24149  Temple (1/1) D:7 Zot: 5988    Lair (5/5) D:8 Zot: 18138
 Shoals (4/4) Lair:3 Zot: 26127  Spider (4/4) Lair:2 Zot: 14135   Slime (0/5) Lair:4
    Orc (2/2) D:10 Zot: 12268     Elf (0/3) Orc:2        Vaults (0/5) D:13
 Depths (1/4) D:15 Zot: 5529

Altars:
Ashenzari
Cheibriados
Dithmenos
Elyvilon
Fedhas
Gozag
Hepliaklqana
Kikubaaqudgha
Makhleb
Nemelex Xobeh
Okawaru
Qazlal
Ru
Sif Muna
Trog
Uskayaw
Vehumet
Wu Jian
Xom
Yredelemnul
Zin
The Shining One
Jiyva

Shops:
D:1 =   D:2 :   D:5 ?   D:9 :[   Orc:1 *   Orc:2 !*(=

Portals:
Pandemonium: Orc:2
Trove: D:11 (give 6 scrolls of fog)

Annotations:
Shoals:1 Roxanne
Shoals:4 Polyphemus


Innate Abilities, Weirdness & Mutations

You have sharp claws.
You have razor-sharp teeth.
You have supernaturally acute eyesight. (SInv)
You cover ground quickly. (Speed+)
Your thick and shaggy fur keeps you warm. (AC +3, rC+)
You sometimes lose the ability to read scrolls when taking damage.
You cannot be stealthy.
Your cowardice makes you less effective in combat with threatening foes.
You are somewhat unskilled. (-1 Apt)
Your paws help you pounce on unaware monsters.
You are missing an eye, making it more difficult to aim.
You are incapable of wielding weapons or throwing items.
You cannot wear armour.
You gain extra lives every three experience levels.
You have hidden genetic defects.


Message History

Search for what [Enter for "earth", or ? for help]? summ Unknown command.
(D) Dungeon (T) Temple (L) Lair (A) Shoals (N) Spider Nest (M) Slime Pits (O) Orcish Mines (E) Elven Halls (V) Vaults (U) Depths
Where to? (Tab/Enter - Depths:1, ? - help)
Okay, then.
Search for what [Enter for "summ", or ? for help]? amu
There is a stone staircase leading up here.
You climb upwards.
There is a stone staircase leading down here.
There is a stone staircase leading down here.
There is a stone staircase leading up here.
You climb upwards.
There is a stone staircase leading down here.
There is a stone staircase leading up here.
You climb upwards.
There is a stone staircase leading down here.
There is a stone staircase leading up here.
You climb upwards.
There is a stone staircase leading down here.
There is an open door here.
There is a stone staircase leading up here.
You climb upwards.
There is a stone staircase leading down here.
You see here a +0 leather armour.
You see here a +0 flail.
There is a stone staircase leading up, spattered with blood here.
You climb upwards.
There is a stone staircase leading down here.
There is a stone staircase leading up here.
You climb upwards.
There is a stone staircase leading down here.
There is a stone staircase leading down here.
There is a stone staircase leading down here.
There is a stone staircase leading up here.
You climb upwards.
There is a stone staircase leading down here.
There is a stone staircase leading up here.
You climb upwards.
There is a stone staircase leading down, spattered with blood here.
There is an open door here.
There is a stone staircase leading up here.
You climb upwards.
There is a stone staircase leading down here.
You see here a +0 whip.
You see here a +0 flail.
There is a stone staircase leading up here.
You climb upwards.
There is a stone staircase leading down here.
You see here a +0 mace.
There is an open door here.
Things that are here:
a +0 scale mail; a +0 club
There is a stone staircase leading up here.
You climb upwards.
The hobgoblin shouts!
There is a stone staircase leading down here.
A hobgoblin is nearby!
The hobgoblin is stunned by your conviction and fails to attack.
You claw the hobgoblin!
You kill the hobgoblin!
No target in view!
No target in view!
No target in view!
No target in view!
Things that are here:
a +0 ring mail; a hobgoblin corpse
(D) Dungeon (T) Temple (L) Lair (A) Shoals (N) Spider Nest (M) Slime Pits (O) Orcish Mines (E) Elven Halls (V) Vaults (U) Depths
Where to? (Tab/Enter - D:1 @ (x,y), ? - help)
There is a stone staircase leading up here.
You climb upwards.
There is a stone staircase leading down here.
There is a stone staircase leading up here.
You climb upwards.
There is a stone staircase leading down here.
You see here a +0 dagger.
You see here a +0 club.
You see here 2 poisoned darts.
There is an entrance to Zenwareh's Jewellery Shoppe here.
Unknown command.
S - an amulet of reflection;
T - a +5 ring of evasion Thank you for shopping at Zenwareh's Jewellery Shoppe!
Really remove
R - an amulet of faith? [Y]es or [N]o only, please.
Really remove
R - an amulet of faith?
You start removing your amulet.
You continue taking off your amulet of faith. x4
You finish taking off your amulet of faith.
Ru will take longer to evaluate your readiness.
You start putting on your amulet.
You continue putting on your amulet of reflection. x5
You finish putting on your amulet of reflection.
You feel a shielding aura gather around you.
S - an amulet of reflection (around neck)
Okay, then.
Okay, then.
Are you sure you want to abandon this character and quit the game? (Confirm with "yes".)

#.#.#.#####..# #.#
#.....# ##[###.#
###.### #....## ####
#.# #.#.## #... #.#
#...# #.8. #.#
##..## #... #.#
##...## ####
#.######.....## #
###...@.#.......##
####
#...###..........#
#... #...#
#..........# #...
#...###.##.......#
#...
##.....(.........#
####
#.##.#.##.......# #
#.##.#.#.#......#
####
####.##.#.....[....#
#...
#.......#.###......#
#.^.


There were no monsters in sight!

Vanquished Creatures
  Mara (Spider:3)
  Jorgrun (D:15)
  Mlioglotl (Shoals:2)
  Agnes (Spider:3)
  A kraken (Shoals:2)
  3 emperor scorpions
  7 ghost moths
  Louise (D:15)
  The ghost of Ibbikehely the Wallflower, a journeyman DsAr of Uskayaw (D:14)
  An orc warlord (Orc:2)
  An ironbound preserver (D:13)
  Nessos (D:15)
  2 broodmothers
  A spark wasp (Spider:4)
  Snorg (D:13)
  3 merfolk impalers
  A merfolk javelineer (Shoals:3)
  An ettin (Depths:1)
  An entropy weaver (Spider:4)
  A jiangshi (Depths:1)
  2 catoblepae
  4 hydras
  A radroach (Spider:1)
  2 jorogumos
  7 centaur warriors
  2 merfolk avatars
  A demonspawn (Orc:1)
  3 two-headed ogres
  6 boulder beetles
  2 satyrs
  7 merfolk aquamancers
  8 death yaks
  A deep troll earth mage (D:15)
  A vampire mage (Depths:1)
  2 tengu warriors (D:13)
  8 orc high priests (Orc:2)
  Urug (Lair:1)
  3 demonic crawlers
  A sun demon (Orc:2)
  3 skysharks
  A soul eater (Orc:2)
  8 pharaoh ants
  3 skeletal warriors
  2 sun moths
  12 orb spiders
  2 wizards
  4 orc knights
  4 sea snakes
  4 steelbarb worms
  4 deep elf pyromancers
  9 harpies
  5 orc sorcerers
  An oklob plant (Lair:4)
  7 cyclopes
  15 fauns
  15 wolf spiders
  6 ugly things
  8 manticores
  4 moths of wrath
  6 elephants
  5 black mambas
  8 merfolk sirens
  4 water nymphs
  2 gargoyles
  6 torpor snails
  7 cane toads
  An efreet (D:15)
  A freezing wraith (D:13)
  6 komodo dragons
  6 rime drakes
  A red devil (Orc:2)
  4 tengu conjurers
  17 merfolk
  6 trolls
  6 wind drakes
  4 burning bushes (Lair:2)
  3 hornets
  9 polar bears
  22 tarantellas
  18 slime creatures
  4 snapping turtles
  5 dream sheep (Shoals:2)
  27 jumping spiders
  10 water elementals
  2 shadows
  A centaur simulacrum (D:15)
  2 vampires
  20 culicivoras
  7 wyverns
  A ynoxinul (Orc:2)
  4 wraiths
  A fire elemental (D:13)
  42 yaks
  A yak (shapeshifter) (D:15)
  2 basilisks
  3 dancing weapons
  53 redbacks
  12 vampire mosquitoes
  5 steam dragons
  3 wargs
  6 acid dragons
  11 water moccasins
  26 orc warriors
  2 hell hounds (Lair:5)
  2 black bears
  3 ice beasts
  3 ogres
  17 wolves
  8 centaurs
  A phantom (D:5)
  A kobold brigand (D:8)
  20 bullfrogs
  A gnoll sergeant (D:9)
  3 scorpions
  17 wights
  16 killer bees
  4 howler monkeys
  3 electric eels (Spider:1)
  A lava snake (D:13)
  2 hounds
  22 orc priests
  3 jellies
  A gnoll bouda (D:9)
  4 iguanas
  2 sleepcaps (D:6)
  12 orc wizards
  Robin (D:3)
  19 gnolls
  11 adders
  A river rat (D:5)
  6 worms
  A dart slug (D:3)
  59 orcs
  5 endoplasms
  4 giant cockroaches
  20 goblins
  11 hobgoblins
  8 jackals
  8 kobolds
  5 quokkas
  4 ball pythons
  4 bats
  3 frilled lizards (D:1)
  7 rats
  2 fulminant prisms
  2 tentacles (Shoals:2)
929 creatures vanquished.

Vanquished Creatures (collateral kills)
  A jiangshi (Depths:1)
  An orc knight (Orc:2)
  3 orc warriors (Orc:2)
  A centaur (D:13)
  An orc priest (Orc:2)
  4 orcs (Orc:2)
11 creatures vanquished.

Vanquished Creatures (others)
  A merfolk aquamancer (Shoals:1)
  A harpy (Shoals:2)
  A yak (D:9)
  18 dancing weapons
  An ogre (Orc:2)
  2 centaurs (D:15)
  An orc (Orc:2)
  A butterfly (Depths:1)
  142 fulminant prisms
  14 tentacles (Shoals:2)
182 creatures vanquished.

Grand Total: 1122 creatures vanquished

Notes
Turn   | Place    | Note
-------+----------+-------------------------------------------
     0 | D:1      | EnegeticOcto the Felid Conjurer began the quest for the
                  | Orb.
     0 | D:1      | Reached XP level 1. HP: 7/7 MP: 4/4
    72 | D:1      | Reached skill level 3 in Stealth
   160 | D:1      | Found Zenwareh's Jewellery Shoppe.
   213 | D:1      | Reached skill level 4 in Conjurations
   213 | D:1      | Reached XP level 2. HP: 11/11 MP: 3/6
   351 | D:1      | Learned a level 2 spell: Searing Ray
  1519 | D:1      | Found Zenwareh's Jewellery Shoppe.
  1728 | D:2      | Reached XP level 3. HP: 14/14 MP: 2/7
  2208 | D:2      | Reached skill level 5 in Conjurations
  2343 | D:2      | Found Qulianan's Book Shop.
  2379 | D:2      | Reached XP level 4. HP: 18/18 MP: 2/8
  2973 | D:3      | Noticed Robin
  3590 | D:3      | Reached XP level 5. HP: 21/21 MP: 1/9
  4000 | D:3      | Found a faded altar of an unknown god.
  4250 | D:3      | Killed Robin
  4251 | D:3      | Reached skill level 6 in Conjurations
  4596 | D:3      | Found an ornate altar of the Wu Jian Council.
  4750 | D:3      | Identified the +2 scale mail of Xom's Benevolence {Will+}
  4898 | D:4      | Found a bloodstained altar of Trog.
  5256 | D:4      | Learned a level 4 spell: Fulminant Prism
  5459 | D:4      | Found a glowing golden altar of the Shining One.
  5519 | D:4      | Gained mutation: You are covered in thick fur. (AC +2)
                  | [Felid growth]
  5519 | D:4      | Reached XP level 6. HP: 17/24 MP: 6/10
  5524 | D:4      | Reached skill level 3 in Dodging
  5524 | D:4      | Found an iron altar of Okawaru.
  5716 | D:4      | Reached skill level 1 in Hexes
  5867 | D:4      | Reached skill level 1 in Fighting
  5901 | D:4      | Reached skill level 2 in Hexes
  6185 | D:4      | Found a shimmering altar of Xom.
  6401 | D:5      | Entered Level 5 of the Dungeon
  6692 | D:5      | Reached XP level 7. HP: 28/28 MP: 2/12
  6825 | D:5      | Reached skill level 4 in Dodging
  6825 | D:5      | Reached skill level 3 in Hexes
  6913 | D:5      | Reached skill level 2 in Fighting
  6913 | D:5      | Reached skill level 3 in Spellcasting
  7005 | D:5      | Found Ynaxut's Magic Scroll Shop.
  7013 | D:5      | Bought a scroll of fear for 44 gold pieces
  7013 | D:5      | Bought a scroll of identify for 22 gold pieces
  7013 | D:5      | Bought a scroll of noise for 11 gold pieces
  7013 | D:5      | Bought a scroll of identify for 22 gold pieces
  7013 | D:5      | Bought a scroll of identify for 22 gold pieces
  7013 | D:5      | Bought a scroll of summoning for 104 gold pieces
  7013 | D:5      | Bought 3 scrolls of identify for 66 gold pieces
  7137 | D:5      | Found a glowing drain.
  7321 | D:5      | Identified the +1 leather armour of the Demon Prince {rF+}
  7637 | D:6      | Found a snail-covered altar of Cheibriados.
  7653 | D:6      | Reached skill level 7 in Conjurations
  7653 | D:6      | Reached skill level 4 in Hexes
  7657 | D:6      | Reached skill level 5 in Dodging
  7657 | D:6      | Reached XP level 8. HP: 34/34 MP: 4/14
  7772 | D:6      | Reached skill level 3 in Fighting
  8739 | D:6      | Reached skill level 4 in Spellcasting
  8739 | D:6      | Reached skill level 5 in Hexes
  9626 | D:7      | Reached skill level 6 in Dodging
  9730 | D:7      | Found a broken altar of Ashenzari.
  9746 | D:7      | Reached skill level 4 in Fighting
  9814 | D:7      | Learned a level 4 spell: Iskenderun's Mystic Blast
 10027 | D:7      | Reached skill level 6 in Hexes
 10093 | D:7      | Found a staircase to the Ecumenical Temple.
 10104 | Temple   | Entered the Ecumenical Temple
 10111 | Temple   | Became a worshipper of Ru the Awakened
 10200 | D:7      | Reached skill level 1 in Translocations
 10349 | D:7      | Reached XP level 9. HP: 28/39 MP: 7/16
 11022 | D:8      | Reached skill level 2 in Translocations
 11025 | D:8      | Reached skill level 4 in Stealth
 11104 | D:8      | Noticed a rime drake
 11513 | D:8      | Found a radiant altar of Vehumet.
 11597 | D:8      | Reached skill level 7 in Dodging
 11597 | D:8      | Reached skill level 3 in Translocations
 11695 | D:8      | Reached skill level 5 in Spellcasting
 11695 | D:8      | Reached skill level 7 in Hexes
 11933 | D:8      | Found an ancient bone altar of Kikubaaqudgha.
 11948 | D:8      | Reached skill level 5 in Stealth
 11955 | D:8      | Reached skill level 5 in Fighting
 11966 | D:8      | Reached skill level 4 in Translocations
 12158 | D:8      | Found a staircase to the Lair.
 12531 | D:8      | Gained mutation: You are missing an eye, making it more
                  | difficult to aim. [Ru sacrifice]
 12531 | D:8      | Reached * piety under Ru
 12567 | D:8      | Learned a level 4 spell: Sticky Flame
 12701 | D:8      | Reached XP level 10. HP: 39/44 MP: 19/19
 12864 | D:8      | Reached skill level 6 in Stealth
 12864 | D:8      | Reached skill level 5 in Translocations
 12864 | D:8      | Reached skill level 1 in Fire Magic
 13522 | D:9      | Found Suloalym's Tiny Tomes.
 13530 | D:9      | Bought the Elucidation of Places for 78 gold pieces
 13533 | D:9      | Learned a level 2 spell: Blink
 13561 | D:9      | Reached skill level 2 in Fire Magic
 13652 | D:9      | Reached skill level 6 in Spellcasting
 13652 | D:9      | Reached skill level 6 in Translocations
 13779 | D:9      | Reached skill level 6 in Fighting
 13779 | D:9      | Reached skill level 7 in Stealth
 13889 | D:9      | Found a stormy altar of Qazlal.
 14227 | D:9      | Identified the +9 quarterstaff "Izakkisk" {heavy, Will+
                  | Str+5}
 14231 | D:9      | Found Gusitt's Armour Boutique.
 14303 | D:9      | Found a glowing silver altar of Zin.
 14944 | D:10     | Entered Level 10 of the Dungeon
 14983 | D:10     | Reached skill level 3 in Fire Magic
 15019 | D:10     | Reached skill level 7 in Translocations
 15294 | D:10     | Reached skill level 1 in Transmutations
 15300 | D:10     | Reached XP level 11. HP: 24/49 MP: 1/22
 15300 | D:10     | Gained mutation: You occasionally lose the ability to read
                  | scrolls when taking damage. [Ru sacrifice]
 15300 | D:10     | Gained mutation: You sometimes lose the ability to read
                  | scrolls when taking damage. [Ru sacrifice]
 15300 | D:10     | Reached ** piety under Ru
 15547 | D:10     | Found a staircase to the Orcish Mines.
 16124 | D:10     | Reached skill level 2 in Transmutations
 16124 | D:10     | Reached skill level 4 in Fire Magic
 16241 | D:10     | Reached skill level 7 in Fighting
 16425 | Lair:1   | Entered Level 1 of the Lair of Beasts
 16613 | D:11     | Noticed a boulder beetle
 16704 | D:11     | Noticed a green ugly thing
 16708 | D:11     | Reached skill level 7 in Spellcasting
 16725 | D:11     | Killed a green ugly thing
 16726 | D:11     | Reached skill level 3 in Transmutations
 16855 | D:11     | Found a portal to a secret trove of treasure.
 17862 | D:8      | Reached skill level 4 in Transmutations
 18447 | Lair:1   | Noticed Urug
 18460 | Lair:1   | Reached skill level 5 in Transmutations
 18477 | Lair:1   | Killed Urug
 18478 | Lair:1   | Reached skill level 6 in Transmutations
 18642 | Lair:1   | Gained mutation: Your cowardice makes you less effective in
                  | combat with threatening foes. [Ru sacrifice]
 18642 | Lair:1   | Reached *** piety under Ru
 18990 | Lair:1   | Reached skill level 7 in Transmutations
 19456 | Lair:1   | Reached skill level 1 in Unarmed Combat
 19456 | Lair:1   | Reached skill level 1 in Evocations
 19456 | Lair:1   | Reached skill level 1 in Shapeshifting
 19774 | Lair:1   | Upgraded the game from 0.31-a0-867-g9b2fd80f0c to
                  | 0.31-a0-870-g10ed682358
 19814 | Lair:2   | Learned a level 5 spell: Irradiate
 20016 | Lair:2   | Noticed a pharaoh ant
 20018 | Lair:2   | Reached skill level 2 in Evocations
 20020 | Lair:2   | Killed a pharaoh ant
 20021 | Lair:2   | Reached skill level 2 in Unarmed Combat
 20021 | Lair:2   | Reached skill level 2 in Shapeshifting
 20021 | Lair:2   | Gained mutation: Your thick and shaggy fur keeps you warm.
                  | (AC +3, rC+) [Felid growth]
 20021 | Lair:2   | Reached XP level 12. HP: 55/55 MP: 9/24
 20102 | Lair:2   | Gained mutation: You cannot be stealthy. [Ru sacrifice]
 20102 | Lair:2   | Reduced skill Stealth to level 0
 20102 | Lair:2   | Reached **** piety under Ru
 20224 | Lair:2   | Found a hole to the Spider Nest.
 20376 | Lair:2   | Reached skill level 3 in Evocations
 20379 | Lair:2   | Reached skill level 3 in Unarmed Combat
 20379 | Lair:2   | Reached skill level 3 in Shapeshifting
 20892 | Lair:2   | Reached skill level 4 in Evocations
 21099 | Lair:2   | Reached skill level 4 in Unarmed Combat
 21099 | Lair:2   | Reached skill level 4 in Shapeshifting
 21986 | Lair:3   | Reached skill level 5 in Evocations
 22126 | Lair:3   | Found a staircase to the Shoals.
 22341 | Lair:3   | Reached skill level 5 in Unarmed Combat
 22341 | Lair:3   | Reached skill level 5 in Shapeshifting
 22785 | Lair:4   | Found an iron altar of Okawaru.
 23082 | Lair:4   | Noticed a five-headed hydra
 23085 | Lair:4   | Reached skill level 6 in Evocations
 23202 | Lair:4   | Noticed a five-headed hydra
 23379 | Lair:4   | Killed a five-headed hydra
 23836 | Lair:4   | Reached skill level 6 in Unarmed Combat
 23914 | Lair:4   | Killed a five-headed hydra
 23915 | Lair:4   | Reached skill level 6 in Shapeshifting
 24126 | Lair:4   | Found a viscous altar of Jiyva.
 24126 | Lair:4   | Found a staircase to the Slime Pits.
 24773 | Lair:5   | Entered Level 5 of the Lair of Beasts
 24806 | Lair:5   | Noticed a catoblepas
 24846 | Lair:5   | Killed a catoblepas
 24847 | Lair:5   | Reached skill level 7 in Evocations
 24847 | Lair:5   | Reached XP level 13. HP: 21/58 MP: 1/25
 25603 | Lair:4   | Reached skill level 7 in Unarmed Combat
 25796 | Lair:4   | Reached skill level 7 in Shapeshifting
 27211 | Lair:4   | Reached skill level 1 in Ice Magic
 27321 | Lair:4   | Reached skill level 2 in Ice Magic
 27630 | Lair:4   | Reached skill level 3 in Ice Magic
 27935 | Lair:5   | Reached skill level 4 in Ice Magic
 28365 | Lair:4   | Reached skill level 5 in Ice Magic
 29479 | Lair:5   | Reached skill level 6 in Ice Magic
 30424 | Orc:1    | Entered Level 1 of the Orcish Mines
 30949 | Orc:2    | Entered Level 2 of the Orcish Mines
 30979 | Orc:2    | Reached skill level 7 in Ice Magic
 31888 | Orc:2    | Gained mutation: You are somewhat unskilled. (-1 Apt) [Ru
                  | sacrifice]
 31888 | Orc:2    | Reduced skill Fire Magic to level 3
 31888 | Orc:2    | Reduced skill Ice Magic to level 6
 31888 | Orc:2    | Reached ***** piety under Ru
 32269 | Orc:2    | Noticed an orc warlord
 32313 | Orc:2    | Reached XP level 14. HP: 31/60 MP: 23/25
 32473 | Orc:2    | Slain by an orc warlord
 32488 | Orc:2    | Killed an orc warlord
 32907 | Orc:2    | Found a staircase to the Elven Halls.
 33137 | Orc:1    | Found Odeirael's CLEARANCE SALE!.
 33142 | Orc:1    | Bought a potion of curing for 12 gold pieces
 33142 | Orc:1    | Bought a potion of enlightenment for 20 gold pieces
 33304 | D:9      | Bought Zenivvae's Compendium of Imprecation for 104 gold
                  | pieces
 33308 | D:9      | Learned a level 3 spell: Tukima's Dance
 33659 | Orc:2    | Found Bicvits's General Store.
 33827 | Orc:2    | Found Zukur's Distillery.
 34131 | Orc:2    | Bought a potion of brilliance for 64 gold pieces
 34131 | Orc:2    | Bought a potion of invisibility for 128 gold pieces
 34131 | Orc:2    | Bought a potion of cancellation for 128 gold pieces
 36508 | Orc:2    | Found Kirasow's Antique Weapon Shoppe.
 36508 | Orc:2    | Found Soplanuh's Jewellery Emporium.
 36509 | Orc:2    | Found a one-way gate leading to the halls of Pandemonium.
 36564 | Orc:2    | Bought a ring of wizardry for 390 gold pieces
 37757 | D:12     | Reached skill level 7 in Ice Magic
 37757 | D:12     | Reached skill level 1 in Air Magic
 37798 | D:12     | Identified the +0 falchion "Wegh" {venom, *Corrode rPois
                  | Int+3 Stlth+}
 37929 | D:12     | Learned a level 5 spell: Freezing Cloud
 38628 | D:13     | Noticed Snorg
 38646 | D:13     | Killed Snorg
 38715 | D:13     | Reached skill level 2 in Air Magic
 39183 | D:13     | Noticed an ironbound preserver
 39197 | D:13     | Killed an ironbound preserver
 39250 | D:13     | Found a gate to the Vaults.
 39340 | D:13     | Reached skill level 3 in Air Magic
 39785 | D:13     | Reached XP level 15. HP: 37/66 MP: 3/27
 40191 | D:14     | Reached skill level 4 in Air Magic
 40732 | D:14     | Found a runed translucent door.
 40944 | D:14     | Reached skill level 5 in Air Magic
 41551 | D:14     | Found a glowing silver altar of Zin.
 42028 | D:14     | Noticed Ibbikehely's ghost (journeyman DsAr)
 42083 | D:14     | Killed Ibbikehely's ghost
 42147 | D:14     | Identified the ring of Kaokum {Fly rF+ Slay+2}
 42162 | D:15     | Entered Level 15 of the Dungeon
 42222 | D:15     | Noticed Jorgrun
 42257 | D:15     | Killed Jorgrun
 42469 | D:15     | Reached skill level 6 in Air Magic
 42912 | D:15     | Noticed Nessos
 42921 | D:15     | Killed Nessos
 42958 | D:15     | Reached skill level 7 in Air Magic
 43081 | D:15     | Noticed Louise
 43087 | D:15     | Killed Louise
 43696 | D:15     | Found a staircase to the Depths.
 44084 | D:9      | Bought the Secrets of Conflagration for 156 gold pieces
 44091 | D:9      | Learned a level 5 spell: Fireball
 44201 | Spider:1 | Entered Level 1 of the Spider Nest
 44210 | Spider:1 | Reached skill level 4 in Fire Magic
 44219 | Spider:1 | Blown up by an orb spider
 44595 | Spider:1 | Reached skill level 5 in Fire Magic
 45219 | Spider:1 | Reached skill level 6 in Fire Magic
 45972 | Spider:1 | Reached skill level 7 in Fire Magic
 46776 | Shoals:1 | Entered Level 1 of the Shoals
 46869 | Shoals:1 | Reached XP level 16. HP: 38/69 MP: 4/28
 47002 | Shoals:1 | Reached skill level 1 in Poison Magic
 47152 | Shoals:1 | Noticed Roxanne
 47633 | Shoals:1 | Reached skill level 2 in Poison Magic
 48300 | Shoals:2 | Reached skill level 3 in Poison Magic
 48413 | Shoals:2 | Noticed a kraken
 48440 | Shoals:2 | Noticed Mlioglotl
 48448 | Shoals:2 | Killed Mlioglotl
 48449 | Shoals:2 | Reached skill level 4 in Poison Magic
 48944 | Shoals:2 | Killed from afar by a merfolk aquamancer
 48958 | Shoals:2 | Reached skill level 5 in Poison Magic
 50127 | Shoals:2 | Reached skill level 6 in Poison Magic
 51947 | Shoals:2 | Killed a kraken
 51948 | Shoals:2 | Reached skill level 7 in Poison Magic
 55237 | Shoals:3 | Reached skill level 1 in Summonings
 55237 | Shoals:3 | Reached skill level 1 in Necromancy
 55238 | Shoals:3 | Reached skill level 1 in Earth Magic
 57471 | Spider:2 | Reached skill level 2 in Summonings
 57482 | Spider:2 | Reached skill level 2 in Necromancy
 57808 | Spider:2 | Reached skill level 2 in Earth Magic
 59707 | Spider:3 | Reached skill level 3 in Summonings
 59707 | Spider:3 | Reached skill level 3 in Necromancy
 60273 | Spider:3 | Reached skill level 3 in Earth Magic
 60274 | Spider:3 | Reached XP level 17. HP: 73/73 MP: 29/29
 60455 | Spider:3 | Noticed Mara
 60465 | Spider:3 | Killed Mara
 60927 | Spider:3 | Reached skill level 4 in Summonings
 60927 | Spider:3 | Reached skill level 4 in Necromancy
 62188 | Spider:3 | Identified the +9 flail "Catimeqo" {protect, Fragile rF+
                  | rC+ Dex+5}
 62403 | Spider:4 | Entered Level 4 of the Spider Nest
 62514 | Spider:4 | Reached skill level 4 in Earth Magic
 62867 | Spider:4 | Noticed Agnes
 62877 | Spider:3 | Killed Agnes
 63466 | Spider:4 | Reached skill level 5 in Summonings
 63466 | Spider:4 | Reached skill level 5 in Necromancy
 66558 | Spider:4 | Reached skill level 5 in Earth Magic
 67312 | Spider:4 | Gained mutation: You have hidden genetic defects.
                  | [mutagenic glow]
 69288 | Spider:4 | Reached skill level 6 in Summonings
 69426 | Spider:4 | Reached skill level 6 in Necromancy
 70458 | Spider:4 | Got a gossamer rune of Zot
 70905 | Shoals:4 | Entered Level 4 of the Shoals
 70979 | Shoals:4 | Noticed Polyphemus
 70982 | Shoals:4 | Slain by Polyphemus
 71430 | Depths:1 | Entered Level 1 of the Depths
 72768 | D:1      | Bought an amulet of reflection for 390 gold pieces
 72768 | D:1      | Bought a +5 ring of evasion for 468 gold pieces
 72778 | D:1      | Quit the game

Illustrated notes

Levels and vault maps discovered:
D:1:      minmay_arrival_hallway, layout_loops_ring, serial_shops, shop,
          amcnicky_mini_pool_small, st_stairs_13
D:2:      layout_loops_cross, serial_shops, nicolae_shop_real_fake_doors
D:3:      layout_loops_corners, nzn_wu_jian_council_hall,
          hellmonk_ecumenical_altar_lost_god, grunt_ministairs_13,
          minmay_stone_trees_medium, uniq_robin
D:4:      layout_basic, okawaru_altar_gauntlet_db,
          nicolae_tso_swordbearing_angel, mainiacjoe_overflow_brackets,
          mainiacjoe_overflow_concentric_impassable
D:5:      layout_loops_ring, serial_shops, shop, portal_sewer_entry_b,
          minmay_diced_spiral
D:6:      layout_basic, overflow_temple_1_default
D:7:      layout_basic, old_standard_altar, temple_hall
D:8:      layout_loops_ring, mainiacjoe_overflow_tiny_flanked,
          amcnicky_altar_gilded, hellmonk_lair_entry_icy, minmay_starry_boxes
D:9:      layout_basic, mainiacjoe_overflow_alcove_2, mainiacjoe_overflow_paths,
          serial_shops, nicolae_shop_back_alley_shop,
          nicolae_shop_i_like_small_books_too
D:10:     layout_basic, david_orc_2
D:11:     layout_basic, enter_trove_2
D:12:     layout_loops_ring
D:13:     layout_roguey, skrybe_vaults_entry_preservation, grunt_decor_junction,
          grunt_ogre_cave, grunt_potential, uniq_snorg
D:14:     layout_basic, ebering_ghost_reflecting_pool, zin_angel
D:15:     hellmonk_depths_entry_around_the_bend, layout_basic,
          nicolae_cairo_tiling_large_dashed, uniq_jorgrun, uniq_nessos,
          uniq_louise
Temple:   bh_familiar_temple
Lair:1:   layout_regular_city, cheibrodos_lair_lostbears, uniq_urug
Lair:2:   layout_long_grid, nicolae_spider_entry_lesser_pyramids,
          evilmike_ambush [evilmike_ambush_outer_basic,
          evilmike_ambush_inner_basic], infiniplex_staircase_pool_2,
          lemuel_fruit_tree
Lair:3:   layout_concentric_octagons, shoals_dummy_entry
Lair:4:   layout_long_grid, slime_entry_1, lemuel_oklob_altar
Lair:5:   gammafunk_lair_ancient_temple, layout_small_grid, enter_volcano_3
Shoals:1: layout_shoals, uniq_roxanne
Shoals:2: layout_shoals, nicolae_shoals_siren_and_animal_friends, uniq_mlioglotl
Shoals:3: layout_shoals, nicolae_shoals_aquamancer_cove
Shoals:4: shoals_end_hellmonk_holy_island, uniq_polyphemus, uniq_nikola
Spider:1: layout_spider_delve
Spider:2: layout_cave_pods
Spider:3: layout_spider_delve, uniq_mara
Spider:4: grunt_spider_rune_island, portal_ice_cave_entry_pillars_four,
          nicolae_spider_not_touching_you, uniq_agnes
Orc:1:    layout_caves, basic_altar, nicolae_shop_clearance
Orc:2:    pf_orc_diabolical, layout_caves
Depths:1: layout_gridville, vehumet_crystals, hangedman_coc_ice_floe,
          minmay_misc_feat_nine_boxes, minmay_misc_feat_alley, st_stairs_9,
          nicolae_elyvilon_peaceful_grove, uniq_sojobo

Skill      XL: |  1  2  3  4  5  6  7  8  9 10 11 12 13 14 15 16 17 |
---------------+----------------------------------------------------+-----
Stealth        | 3 5 7 0 |  0.0
Conjurations   | 4 5 6 7 |  7.9
Dodging        | 3 5 6 7 |  7.9
Hexes          | 2 4 6 7 |  7.9
Fighting       | 1 2 4 5 6 7 |  7.9
Spellcasting   | 3 4 5 6 7 |  7.9
Translocations | 1 4 7 |  7.9
Fire Magic     | 3 4 3 7 |  7.9
Transmutations | 1 7 |  7.9
Unarmed Combat | 2 6 7 |  7.9
Evocations     | 2 7 |  7.9
Shapeshifting  | 2 6 7 |  7.9
Ice Magic      | 6 7 |  7.9
Air Magic      | 3 7 |  7.9
Poison Magic   | 7 |  7.9
Summonings     | 3 6 |  6.5
Necromancy     | 3 6 |  6.4
Earth Magic    | 3 5 |  5.9

Action                     |  1- 3 |  4- 6 |  7- 9 | 10-12 | 13-15 | 16-18 || total
---------------------------+-------+-------+-------+-------+-------+-------++-------
  Melee: Unarmed           |       |    22 |    10 |    52 |   197 |    42 ||   323
         Bite              |       |     2 |     1 |     1 |    22 |     3 ||    29
         Punch             |       |       |       |     3 |       |     3 ||     6
   Cast: Magic Dart        |    69 |   146 |    62 |    37 |     6 |       ||   320
         Searing Ray       |     3 |    27 |    71 |    38 |     2 |       ||   141
         Fulminant Prism   |       |       |    14 |    65 |    59 |     6 ||   144
         Iskenderun's Myst |       |       |       |   127 |   318 |   173 ||   618
         Sticky Flame      |       |       |       |    75 |    92 |       ||   167
         Irradiate         |       |       |       |    21 |    93 |    71 ||   185
         Tukima's Dance    |       |       |       |       |    50 |    51 ||   101
         Freezing Cloud    |       |       |       |       |   116 |   199 ||   315
         Fireball          |       |       |       |       |       |    59 ||    59
 Invoke: Sacrifice an Eye  |       |       |     1 |       |       |       ||     1
         Sacrifice Words   |       |       |       |     1 |       |       ||     1
         Sacrifice Courage |       |       |       |     1 |       |       ||     1
         Power Leap        |       |       |       |     2 |    34 |    23 ||    59
         Draw Out Power    |       |       |       |     1 |     5 |     5 ||    11
         Reject Sacrifices |       |       |       |     1 |     2 |       ||     3
         Sacrifice Stealth |       |       |       |     1 |       |       ||     1
         Sacrifice Skill   |       |       |       |       |     1 |       ||     1
         Apocalypse        |       |       |       |       |     2 |     5 ||     7
Ability: Begin Untransform |       |       |       |       |       |     1 ||     1
  Evoke: Wand              |       |       |       |       |     2 |    20 ||    22
         Condenser vane    |       |       |       |       |       |     1 ||     1
    Use: Scroll            |       |     1 |    11 |     7 |    10 |     7 ||    36
         Potion            |       |       |       |     1 |     1 |     3 ||     5
   Stab: Distracted        |       |       |       |     1 |     5 |       ||     6
         Invisible         |       |       |       |       |     1 |       ||     1
         Paralysed         |       |       |       |       |     3 |     4 ||     7
 Armour: Skin              |     7 |    28 |    30 |   134 |   236 |   217 ||   652
  Dodge: Dodged            |     6 |    56 |   117 |   386 |   506 |   378 ||  1449
   Form: Flux              |       |       |       |       |     2 |       ||     2
         Anaconda          |       |       |       |       |     1 |       ||     1

Table legend: (Time is in decaauts)
 A = Elapsed time spent in this place.
 B = Non-inter-level travel time spent in this place.
 C = Inter-level travel time spent in this place.
 D = Time resting spent in this place.
 E = Time spent auto-exploring this place.
 F = Levels seen in this place.
 G = Mean time per level.
                   A        B        C        D        E       F      G
               +--------+--------+--------+--------+--------+-----+--------+
         Total |  68424 |  64695 |   3729 |  30948 |  25209 |  32 | 2138.2 |
       Dungeon |  24609 |  22662 |   1947 |   3857 |  15472 |  15 | 1640.6 |
        Temple |     11 |     11 |      0 |      0 |      0 |   1 |   11.0 |
          Lair |  11862 |  10974 |    888 |   4844 |   4465 |   5 | 2372.4 |
        Shoals |   9872 |   9552 |    320 |   6944 |   1673 |   4 | 2468.0 |
   Spider Nest |  15865 |  15508 |    357 |  11483 |   2521 |   4 | 3966.2 |
  Orcish Mines |   5732 |   5517 |    215 |   3419 |   1077 |   2 | 2866.0 |
        Depths |    470 |    470 |      0 |    400 |      0 |   1 |  470.0 |
               +--------+--------+--------+--------+--------+-----+--------+

Top non-repeatable levels by time:
Spider:2: 4768 daAuts
Spider:4: 4518 daAuts
  Lair:4: 4411 daAuts
Spider:3: 4369 daAuts
   Orc:2: 3961 daAuts
Shoals:1: 3712 daAuts
Shoals:3: 3177 daAuts
Shoals:2: 2920 daAuts
     D:8: 2652 daAuts
    D:13: 2466 daAuts
  Lair:5: 2293 daAuts
Spider:1: 2208 daAuts
    D:15: 2169 daAuts
     D:7: 2132 daAuts
  Lair:2: 1885 daAuts

Table legend:
 A = Kills in this place as a percentage of kills in the entire game.
 B = Kills by you in this place as a percentage of kills by you in the entire game.
 C = Kills by friends in this place as a percentage of kills by friends in the entire game.
 D = Other kills in this place as a percentage of other kills in the entire game.
 E = Experience gained in this place as a percentage of experience gained in the entire game.
 F = Experience gained in this place divided by the number of levels of this place that you have seen.
                   A       B       C       D       E      F
               +-------+-------+-------+-------+-------+----------------------
         Total | 100.0 | 100.0 | 100.0 | 100.0 | 100.0 | 8388.9
       Dungeon |  40.6 |  40.9 |   9.1 |  60.0 |  24.0 | 4301.7
          Lair |  14.5 |  14.8 |   0.0 |   0.0 |  15.7 | 8444.8
        Shoals |  10.9 |  11.0 |   0.0 |  20.0 |  18.9 | 12717.5
   Spider Nest |  20.7 |  21.0 |   0.0 |   0.0 |  31.3 | 21005.5
  Orcish Mines |  12.4 |  11.5 |  81.8 |  20.0 |   8.1 | 10861.5
        Depths |   1.0 |   0.9 |   9.1 |   0.0 |   1.9 | 5080.0
               +-------+-------+-------+-------+-------+----------------------
